 Dungeon Crawl Stone Soup version 0.29.0-13-gc9e81de378 (webtiles) character file.

Game seed: 2393017377210725823

212 gebbletook2 the Trooper (level 5, -2/29 HPs)
             Began as a Vine Stalker Fighter on Sept 11, 2022.
             Killed by divine providence
             ... invoked by an orc priest
              (12 damage)
             ... on level 4 of the Dungeon.
             The game lasted 00:04:24 (2747 turns).

gebbletook2 the Trooper (Vine Stalker Fighter)      Turns: 2747, Time: 00:04:24

Health: -2/29      AC: 11    Str: 21    XL:     5   Next: 89%
Magic:  0/6        EV:  8    Int:  8    God:
Gold:   128        SH:  5    Dex: 19    Spells: 4/4 levels left

rFire   . . .      SeeInvis .   a - +0 war axe
rCold   . . .      Faith    .   c - +0 buckler
rNeg    . . .      Spirit   +   p - +0 chain mail
rPois   .          Reflect  .   (no helmet)
rElec   .          Harm     .   w - +0 cloak
rCorr   .          Rampage  .   h - +0 pair of gloves
Will    .....                   (no boots)
Stlth   ..........              (no amulet)
HPRegen 0.89/turn               s - +6 ring of dexterity
MPRegen 0.10/turn               (no ring)

@: no status effects
A: fangs 2, regeneration 1, magic shield, antimagic bite, no potion heal 2
a: no special abilities


You were on level 4 of the Dungeon.
You visited 1 branch of the dungeon, and saw 4 of its levels.

You collected 128 gold pieces.

Inventory:

Hand Weapons
 a - a +0 war axe (weapon)
Missiles
 o - a throwing net (quivered)
Armour
 c - a +0 buckler (worn)
 h - a +0 pair of gloves (worn)
 p - a +0 chain mail (worn)
 w - a +0 cloak (worn)
Jewellery
 s - a +6 ring of dexterity (left hand)
Scrolls
 f - 2 scrolls of teleportation
 r - a scroll of vulnerability {unknown}
 t - a scroll of enchant armour {unknown}
 u - a scroll of fog
 v - a scroll of identify
Potions
 d - a potion of might
 e - 4 potions of lignification {unknown}
 g - a potion of brilliance {unknown}
 i - a potion of ambrosia {unknown}
 j - a potion of flight {unknown}
 k - a potion of attraction {unknown}
 l - 2 potions of mutation {unknown}
 m - a potion of curing {unknown}
 n - a potion of cancellation {unknown}
 q - a potion of berserk rage {unknown}


   Skills:
 * Level 3.7 Fighting
 + Level 3.3 Axes
 + Level 3.1 Armour
 * Level 1.6 Dodging
 + Level 3.0 Shields


You had 4 spell levels left.
You didn't know any spells.
Your spell library contained the following spells:

 Spells                   Type           Power      Damage    Failure   Level
 Conjure Flame            Conj/Fire      0%         6-21      100%        3
 Gell's Gravitas          Tloc           0%         N/A       100%        3
 Ignite Poison            Fire/Tmut/Pois 0%         N/A       100%        3
 Lesser Beckoning         Tloc           0%         N/A       100%        3
 Teleport Other           Tloc           0%         N/A       100%        3
 Sticky Flame             Conj/Fire      0%         2d3       100%        4
 Dispersal                Tloc           0%         N/A       100%        6


Dungeon Overview and Level Annotations

Branches:
Dungeon (4/15)
 Temple: D:4-7

Altars:
Cheibriados
Kikubaaqudgha
Ru
Xom


Innate Abilities, Weirdness & Mutations

You have extremely sharp teeth.
Your natural rate of healing is unusually fast.
When hurt, damage is shared between your health and your magic reserves.
Your bite disrupts and absorbs the magic of your enemies.
Potions cannot restore your health.


Message History

The orc shouts! x2; The orc wizard shouts!
Found 25 gold pieces.
Found a stone staircase leading up.
There is a stone staircase leading up here.
There are monsters nearby!
An endoplasm comes into view.
You hit the orc. You bite the orc. You drain its power.
The orc is almost dead.
The orc barely misses you.
You slash the orc!
You kill the orc!
You hit the orc priest but do no damage.
The orc priest hits you but does no damage.
You hit the orc priest but do no damage.
The orc priest looks satisfied for a moment.
The orc priest calls down the wrath of Beogh upon you.
Beogh smites you!
Unknown command.
You hit the orc priest but do no damage.
Your bite misses the orc priest. You hit the orc wizard.
The orc priest invokes the aid of Beogh against you.
Beogh smites you! The orc wizard casts a spell at you. The magic dart hits you.
* * * LOW HITPOINT WARNING * * *
You are too injured to fight recklessly!
Unknown command.
You are too injured to fight recklessly!
Unknown command.
You are too injured to fight recklessly!
Unknown command.
You completely miss the orc priest. You barely miss the orc.
You hit the orc wizard.
The orc priest hits you but does no damage.
The orc hits you but does no damage.
Unknown command.
You closely miss the orc priest. You slash the orc wizard!
You barely miss the orc. x2; The orc wizard closely misses you.
The orc priest invokes the aid of Beogh against you.
Beogh smites you!
You die...

##### #...###
#.....####
##.........
#####...$......
#.......o......
#......@oJ.....
#.#....oo......
##...........
....<........
...............
..........$....
..#............
###..#..#.....#


You could see an orc priest, an orc wizard, 2 orcs and an endoplasm.

Vanquished Creatures
  Crazy Yiuf (D:3)
  Terence (D:3)
  6 gnolls
  An adder (D:2)
  3 worms (D:2)
  3 dart slugs
  An orc (D:4)
  4 endoplasms
  4 giant cockroaches
  8 goblins
  8 hobgoblins
  5 jackals (D:1)
  6 quokkas
  6 ball pythons
  8 bats
  2 frilled lizards (D:1)
  2 kobolds
  4 rats
73 creatures vanquished.

Vanquished Creatures (others)
  3 plants (D:2)
3 creatures vanquished.

Grand Total: 76 creatures vanquished

Notes
Turn   | Place    | Note
-------+----------+-------------------------------------------
     0 | D:1      | gebbletook2 the Vine Stalker Fighter began the quest for
                  | the Orb.
     0 | D:1      | Reached XP level 1. HP: 11/11 MP: 2/2
    74 | D:1      | Reached XP level 2. HP: 16/16 MP: 3/3
   511 | D:1      | Reached XP level 3. HP: 20/20 MP: 4/4
   838 | D:1      | Found a faded altar of an unknown god.
  1418 | D:2      | Gained mutation: Your natural rate of healing is unusually
                  | fast. [Vine Stalker growth]
  1418 | D:2      | Reached XP level 4. HP: 16/24 MP: 5/5
  1515 | D:2      | Reached skill level 1 in Dodging
  1912 | D:3      | Reached XP level 5. HP: 28/28 MP: 6/6
  2131 | D:3      | Noticed Terence
  2139 | D:3      | Killed Terence
  2189 | D:3      | Found a snail-covered altar of Cheibriados.
  2501 | D:3      | Found a sacrificial altar of Ru.
  2513 | D:3      | Found an ancient bone altar of Kikubaaqudgha.
  2543 | D:3      | Found a shimmering altar of Xom.
  2591 | D:3      | Found a runed translucent door.
  2592 | D:3      | Noticed Crazy Yiuf
  2683 | D:3      | Killed Crazy Yiuf
  2747 | D:4      | Killed from afar by an orc priest

Illustrated notes

Levels and vault maps discovered:
D:1:      dpeg_arrival_pond, layout_basic, serial_co_window_serial,
          co_window_paths_a, co_window_corner_a, co_window_paths_a,
          co_window_cross_1, co_window_paths_b, co_window_corner_cb,
          co_window_cross_3, co_window_2corner, co_window_2corner,
          co_window_4corner_a, glass_columns_b, glass_columns_a,
          glass_columns_c, glass_columns_a, glass_columns_c,
          hellmonk_ecumenical_altar_blasted
D:2:      layout_basic, serial_bayou, serial_bayou_pond_e, serial_bayou_lake_a,
          serial_bayou_shore_b, serial_bayou_pond_d
D:3:      layout_basic, mainiacjoe_overflow_six_doors_small, lemuel_tele_altar,
          grunt_temple_overflow_open, uniq_crazy_yiuf_cottage, uniq_terence
D:4:      layout_cave_pools

Skill      XL: |  1  2  3  4  5 |
---------------+----------------+-----
Fighting       | 3 |  3.7
Axes           | 2 3 |  3.3
Dodging        | 1 |  1.6
Armour         | 3 |  3.1
Shields        | 3 |  3.0

Action                   |  1- 3 |  4- 6 || total
-------------------------+-------+-------++-------
Melee: War axe           |    94 |    93 ||   187
       Bite              |    12 |    20 ||    32
  Use: Scroll            |     4 |     1 ||     5
Armor: Scale mail        |    41 |    33 ||    74
       Chain mail        |       |    31 ||    31
Dodge: Dodged            |    68 |    47 ||   115
Block: Buckler           |    24 |    34 ||    58
